 Dungeon Crawl Stone Soup version 0.20-a0-251-g16a58bf (webtiles) character file.

86 FitzyFitz the Gusty (level 4, -2/30 HPs)
             Began as a Human Air Elementalist on Nov 30, 2016.
             Slain by Terence
             ... wielding a +0 hand axe
              (7 damage)
             ... on level 3 of the Dungeon.
             The game lasted 00:06:56 (3186 turns).

FitzyFitz the Gusty (Human Air Elementalist)        Turns: 3186, Time: 00:06:58

Health: -2/30      AC:  4    Str:  8    XL:     4   Next: 77%
Magic:  0/7        EV: 12    Int: 17    God:
Gold:   149        SH:  0    Dex: 13    Spells: 3/7 levels left

rFire  . . .     SeeInvis .     k - +0 whip
rCold  . . .     Gourm    .     w - +1 robe {MR+}
rNeg   . . .     Faith    .     (no shield)
rPois  .         Spirit   .     (no helmet)
rElec  .         Reflect  .     (no cloak)
rCorr  .         Harm     .     (no gloves)
MR     +....                    q - +0 pair of boots
Stlth  ++........               (no amulet)
                                (no ring)
                                (no ring)

@: very slightly contaminated
A: no striking features
a: no special abilities


You were on level 3 of the Dungeon.
You were not hungry.

You visited 1 branch of the dungeon, and saw 4 of its levels.

You collected 149 gold pieces.

Inventory:

Hand Weapons
 d - a +0 dagger
 k - a +0 whip (weapon)
Missiles
 r - 20 stones (quivered)
Armour
 q - a +0 pair of boots (worn)
 w - a +1 robe of magic resistance (worn)
Wands
 s - a wand of lightning (3/15)
Scrolls
 e - a scroll of remove curse
 f - a scroll of enchant armour {unknown}
 g - a scroll of magic mapping {unknown}
 h - a scroll of recharging {unknown}
 i - 2 scrolls of identify {unknown}
 j - a scroll of blinking {unknown}
 p - a scroll of teleportation
 t - 2 scrolls of random uselessness {unknown}
 u - a scroll of immolation {unknown}
Potions
 a - 2 potions of invisibility {unknown}
 l - a potion of brilliance {unknown}
 m - a potion of lignification {unknown}
 n - a potion of heal wounds {unknown}
 o - a potion of haste {unknown}
Books
 b - a book of Air

   Spells                             Type                      Level
   a - Shock                          Conjuration/Air              1
   b - Swiftness                      Charms/Air                   2
   c - Repel Missiles                 Charms/Air                   2
   d - Static Discharge               Conjuration/Air              3
   e - Lightning Bolt                 Conjuration/Air              5
Comestibles
 c - 2 bread rations
 v - 4 chunks of flesh


   Skills:
 - Level 2.0 Dodging
 - Level 2.0 Stealth
 - Level 2.0 Spellcasting
 + Level 2.6 Conjurations
 + Level 4.4 Air Magic


You had 3 spell levels left.
You knew the following spells:

 Your Spells              Type           Power        Failure   Level  Hunger
a - Shock                 Conj/Air       ##..         4%          1    #......
b - Static Discharge      Conj/Air       ##......     14%         3    ###....


Dungeon Overview and Level Annotations

Branches:
Dungeon (4/15)
 Temple: D:4-7

Altars:
Dithmenos

Shops:
D:4 [

Annotations:
D:3 Terence
D:4 Dowan, Duvessa


Message History

Aiming: Shock
Press: ? - help, Shift-Dir - straight line, f - Terence
Aim: Terence, wielding a hand axe and wearing a chain mail (severely wounded)
The zap misses Terence.
Terence hits you with a hand axe.
Casting: Shock
Confirm with . or Enter, or press ? or * to list all spells.
Aiming: Shock
Press: ? - help, Shift-Dir - straight line, f/p - Terence
Aim: Terence, wielding a hand axe and wearing a chain mail (severely wounded)
The zap hits Terence.
Terence is severely wounded.
Terence closely misses you.
You hit Terence but do no damage.
Terence is severely wounded.
Terence hits you with a hand axe!
* * * LOW HITPOINT WARNING * * *
You barely miss Terence.
Terence is severely wounded.
Terence hits you with a hand axe!
You die...

#.#...#.....(...#
#...............#
#..#..#.#....#### #####
........+.....# .....
#..#....#...).# #...
............<.# ...
#.##..#####...# #.##.
......#####...#########....
#.#.......@@...............
# ##..###.###########....#.
#. #. #.#.## .. #.#..# ...
..#.## .... ##.... .....
..... ###### ..#..#


You could see Terence.

Vanquished Creatures
  2 adders (D:2)
  3 dart slugs
  2 leopard geckos (D:2)
  A ball python (D:3)
  A giant cockroach (D:3)
  11 goblins
  6 hobgoblins
  3 jackals (D:1)
  6 kobolds
  9 bats
  3 frilled lizards
  11 rats
58 creatures vanquished.

Notes
Turn   | Place    | Note
-------+----------+-------------------------------------------
     0 | D:1      | FitzyFitz the Human Air Elementalist began the quest for the Orb.
     0 | D:1      | Reached XP level 1. HP: 13/13 MP: 3/3
    86 | D:1      | Reached XP level 2. HP: 15/19 MP: 1/5
   658 | D:1      | Reached XP level 3. HP: 22/24 MP: 4/6
  1056 | D:1      | Learned a level 3 spell: Static Discharge
  1213 | D:2      | You fall through a shaft for 2 floors!
  1213 | D:4      | Noticed Duvessa
  1213 | D:4      | Noticed Dowan
  1259 | D:4      | Found Dopsi's Armour Emporium.
  1959 | D:2      | Reached skill level 4 in Air Magic
  1959 | D:2      | Reached XP level 4. HP: 20/30 MP: 2/7
  2969 | D:3      | Found a shadowy altar of Dithmenos.
  3158 | D:3      | Noticed Terence
  3186 | D:3      | Slain by Terence

Vault maps used:
D:1:      lightli_iron_boxes
D:3:      serial_curves, eino_curves_04, eino_curves_04, grunt_dithmenos_smoke,
          uniq_terence
D:4:      gammafunk_temple_overflow_elements, lemuel_crystal_altar,
          dancing_weapons_uskayaw, serial_shops, shop, shop, first_bread,
          uniq_duvessa

Skill      XL: |  1  2  3 |
---------------+----------+-----
Conjurations   | 2 |  2.6
Air Magic      | 4 |  4.4
Dodging        | |  2.0
Stealth        | |  2.0
Spellcasting   | |  2.0

Action                   |  1- 3 |  4- 6 || total
-------------------------+-------+-------++-------
Melee: Dagger            |   108 |       ||   108
       Unarmed           |     2 |       ||     2
       Whip              |    28 |    78 ||   106
 Cast: Shock             |    27 |    23 ||    50
       Static Discharge  |       |     1 ||     1
  Use: Scroll            |       |     2 ||     2
 Stab: Sleeping          |       |     1 ||     1
  Eat: Chunk             |     4 |     4 ||     8
Armor: Robe              |    32 |    25 ||    57
Dodge: Dodged            |   112 |    70 ||   182
